 Dungeon Crawl Stone Soup version 0.27.1-33-g824d729ab1 (webtiles) character file.

Game seed: 8927396542679333550

21 lonewolfV2 the Skirmisher (level 2, 0/24 HPs)
             Began as a Demonspawn Berserker on Dec 16, 2021.
             Was a Follower of Trog.
             Slain by a kobold (3 damage)
             ... on level 2 of the Dungeon.
             The game lasted 00:01:49 (1301 turns).

lonewolfV2 the Skirmisher (Demonspawn Berserker)    Turns: 1301, Time: 00:01:50

Health: 0/24       AC:  2    Str: 17    XL:     2   Next: 65%
Magic:  2/2        EV: 12    Int:  8    God:    Trog [*.....]
Gold:   61         SH:  4    Dex: 12    Spells: 1/1 levels left

rFire    . . .     SeeInvis .   a - +0 hand axe
rCold    . . .     Faith    .   (no shield)
rNeg     . . .     Spirit   .   b - +0 animal skin
rPois    .         Reflect  .   (no helmet)
rElec    .         Harm     .   (no cloak)
rCorr    .         Rampage  .   (no gloves)
Will     .....                  (no boots)
Stlth    +.........             (no amulet)
HPRegen  0.08/turn              (no ring)
MPRegen  0.08/turn              (no ring)

@: lethally poisoned (0 -> -5)
A: condensation shield
a: Renounce Religion, Berserk


You were on level 2 of the Dungeon.
You worshipped Trog.
Trog was aware of your devotion.
You visited 1 branch of the dungeon, and saw 2 of its levels.

You collected 61 gold pieces.

Inventory:

Hand Weapons
 a - a +0 hand axe (weapon)
Armour
 b - a +0 animal skin (worn)
Scrolls
 c - a scroll of fog
Potions
 d - a potion of might {unknown}


   Skills:
 + Level 3.2 Fighting
 + Level 3.2 Axes
 + Level 1.9 Armour
 + Level 1.9 Dodging


You had one spell level left.
You didn't know any spells.
Your spell library was empty.

Dungeon Overview and Level Annotations

Branches:
Dungeon (2/15)

Altars:


Innate Abilities, Weirdness & Mutations

A meltable shield of frost defends you. (SH +4)


Message History

You hit the ball python.
You kill the ball python!
Trog accepts your kill.
You barely miss the ball python. You hit the bat.
You kill the bat!
Trog accepts your kill.
The ball python bites you but does no damage.
You block the ball python's attack. The adder misses you.
The ball python bites you. The ball python grabs you.
The ball python constricts you. The adder barely misses you.
You see here a ball python corpse.
You escape the ball python's grasp.
The ball python closely misses you. The ball python barely misses you.
The adder bites you but does no damage.
You closely miss the adder. You slash the ball python!
You kill the ball python!
Trog accepts your kill.
You barely miss the adder. The adder bites you.
You are poisoned.
The adder poisons you!
The kobold throws a stone.
The stone hits you. The adder bites you.
You are lethally poisoned!
The adder poisons you!
You miss the adder.
You feel very sick. The adder bites you.
You barely miss the adder. You hit the kobold but do no damage.
* * * LOW HITPOINT WARNING * * *
You feel sick. The adder closely misses you. The kobold barely misses you.
You miss the adder. You closely miss the kobold.
* * * LOW HITPOINT WARNING * * *
You feel sick. The adder barely misses you. The kobold closely misses you.
You block the adder's attack.
You hit the adder.
The adder is heavily wounded.
You closely miss the kobold.
* * * LOW HITPOINT WARNING * * *
You feel sick. The kobold hits you with a +0 dagger.
You die...

#.......#........ ..#
#...............
##.......#.......
#.......†#.......
....................
.............†#######
.............#K#
...........K.#K###
.............#@S.#
.............###...#
..........# ##....
.....># ... .# #


You could see an adder and 2 kobolds.

Vanquished Creatures
  4 bats
  2 endoplasms (D:1)
  A giant cockroach (D:1)
  4 hobgoblins (D:1)
  A kobold (D:1)
  A quokka (D:1)
  2 ball pythons (D:2)
  6 rats (D:1)
21 creatures vanquished.

Notes
Turn   | Place    | Note
-------+----------+-------------------------------------------
     0 | D:1      | lonewolfV2 the Demonspawn Berserker began the quest for the
                  | Orb.
     0 | D:1      | Reached XP level 1. HP: 18/18 MP: 1/1
    99 | D:1      | Found a faded altar of an unknown god.
   280 | D:1      | Gained mutation: A meltable shield of frost defends you.
                  | (SH +4) [demonic ancestry]
   280 | D:1      | Reached XP level 2. HP: 20/24 MP: 2/2
  1301 | D:2      | Slain by a kobold

Illustrated notes

Levels and vault maps discovered:
D:1:      dpeg_arrival_ratfight, layout_loops_cross,
          hellmonk_ecumenical_altar_pennies_from_heaven
D:2:      layout_rooms

Skill      XL: |  1  2 |
---------------+-------+-----
Axes           | 3 |  3.2
Fighting       | |  3.2
Armour         | |  1.9
Dodging        | |  1.9

Action                   || total
-------------------------++-------
Melee: Hand axe          ||    58
  Use: Scroll            ||     2
Armor: Animal skin       ||    26
Dodge: Dodged            ||    53
Block: Other             ||     5
